 Dungeon Crawl Stone Soup version 0.30.1-4-g462c640d31 (webtiles) character file.

Game seed: 16295595601618187009

2989 Graphine the Grappler (level 9, -3/89 HPs)
             Began as a Troll Fighter on Aug 18, 2023.
             Was an Initiate of Gozag.
             Killed from afar by a wretched star (16 damage)
             ... with a lance of force
             ... on level 1 of the Abyss.
             The game lasted 00:10:13 (5230 turns).

Graphine the Grappler (Troll Fighter)               Turns: 5230, Time: 00:10:13

Health: -3/89      AC:  6    Str: 30    XL:     9   Next: 53%
Magic:  8/8        EV:  9    Int:  4    God:    Gozag
Gold:   459        SH:  9    Dex:  9    Spells: 8/8 levels left

rFire   x x          .
                       - Unarmed
rCold   . . .        b - +0 kite shield
rNeg    + . .        a - +0 robe
rPois   .            D - +2 hat
rElec   .            E - scarf {repulsion}
rCorr   .            (gloves unavailable)
SInv    .            (boots unavailable)
Will    .....        (no amulet)
Stlth   +            t - ring of positive energy
HPRegen 1.14/turn    (no ring)
MPRegen 0.11/turn

%: random rage (9%), repel missiles
@: gold aura
A: large, unfitting armour, claws 3, regeneration 1, shaggy fur 1, tough skin 1,
[berserk 2], [heat vulnerability 2]
a: Renounce Religion, Potion Petition, Call Merchant, Bribe Branch


You were on level 1 of the Abyss.
You worshipped Gozag.
Gozag was aware of your devotion.
You visited 1 branch of the dungeon, and saw 6 of its levels.
You visited the Abyss 1 time.

You collected 777 gold pieces.
You spent 264 gold pieces at shops.
You paid 54 gold pieces to Gozag.

Inventory:

Missiles
 h - 4 curare-tipped darts
 k - 64 stones
 s - 10 poisoned darts
 F - 8 boomerangs (quivered)
Armour
 a - a +0 robe (worn)
 b - a +0 kite shield (worn)
 e - a +0 cloak
 z - a scarf of shadows
 D - a +2 hat (worn)
 E - a scarf of repulsion (worn)
Jewellery
 t - a ring of positive energy (left claw)
Wands
 j - a wand of flame (5)
 B - a wand of charming (12)
Scrolls
 o - 2 scrolls of amnesia
 q - 5 scrolls of teleportation
 y - 2 scrolls of fog
 C - a scroll of blinking
Potions
 c - a potion of might
 d - a potion of haste
 f - a potion of resistance
 g - 2 potions of lignification
 i - a potion of ambrosia
 l - a potion of berserk rage {unknown}
 m - 2 potions of invisibility {unknown}
 n - 3 potions of curing
 p - a potion of degeneration {unknown}
 r - a potion of magic {unknown}
 w - 2 potions of brilliance {unknown}
 x - 3 potions of heal wounds {unknown}


   Skills:
 + Level 6.2 Fighting
 - Level 2.4 Dodging
 - Level 6.0 Shields
 * Level 10.0 Unarmed Combat


You had 8 spell levels left.
You didn't know any spells.
Your spell library contained the following spells:

 Spells                   Type           Power      Damage    Failure   Level
 Magic Dart               Conj           0%         1d3       69%         1
 Call Imp                 Summ           0%         N/A       83%         2
 Mephitic Cloud           Conj/Pois/Air  0%         N/A       96%         3


Dungeon Overview and Level Annotations

Branches:
Dungeon (6/15)             Temple (0/1) D:4

Altars:
Ashenzari
Gozag
Nemelex Xobeh
Sif Muna
Trog
Xom
Zin

Shops:
D:4 *


Innate Abilities, Weirdness & Mutations

You are too large for most types of armour.
You have claws for hands.
Your natural rate of healing is unusually fast.
You are covered in fur. (AC +1)
You have tough skin. (AC +1)
[You have an uncontrollable temper.]
[You are very vulnerable to heat. (rF--)]


Message History

The lance of force hits you!
You are knocked back by the lance of force.
You slam into the stone wall!
You completely miss the wretched star.
The wretched star is moderately damaged.
You scratch the wretched star but do no damage.
The wretched star is moderately damaged.
The wretched star pulses with an eldritch light!
You feel vulnerable to heat. x2; You feel a little pissed off.
You feel extremely angry at everything!
You closely miss the wretched star.
The wretched star is moderately damaged.
You claw the wretched star!
The wretched star is heavily damaged.
The wretched star glows turbulently.
The lance of force misses you.
You claw the wretched star!
The wretched star is heavily damaged.
You mangle the wretched star!!
The wretched star is almost destroyed.
The wretched star glows turbulently.
The lance of force is repelled.
You mangle the wretched star!!
You destroy the wretched star!
Your Fighting skill increases to level 6!
Your Unarmed Combat skill increases to level 10!
You see here 4 gold pieces.
You claw the wretched star!
The wretched star is lightly damaged.
The wretched star glows turbulently.
The lance of force hits you!!
You are knocked back by the lance of force.
The wretched star glows turbulently.
The lance of force hits you!!
* * * LOW HITPOINT WARNING * * *
You are knocked back by the lance of force.
The wretched star glows turbulently.
The lance of force hits you!
You die...
Your body crumbles into a pile of gold.

........ ..#.....
..#.... #.....# #
#.....#######'##.
#................
#...#...@........
#................
#.....$........#.
#....*...........
#...........#....
#.##...###...###.
## #...# #### #.
....# ..###>##.


You could see a wretched star.

Vanquished Creatures
  A wretched star (Abyss:1)
  Pikel (D:4)
  Eustachio (D:4)
  2 steam dragons (D:6)
  2 black bears
  2 ogres
  2 centaurs
  A kobold brigand (D:6)
  3 scorpions
  A wight (D:6)
  A jelly (D:6)
  3 orc priests
  5 hounds
  An iron imp (Abyss:1)
  4 iguanas
  8 orc wizards
  5 gnolls
  9 adders
  2 white imps
  An ufetubus (D:5)
  A worm (D:3)
  2 dart slugs
  23 orcs
  4 bats
  6 giant cockroaches
  14 goblins
  3 hobgoblins
  8 kobolds
  3 quokkas
  2 ball pythons (D:1)
  2 frilled lizards (D:3)
  5 rats
128 creatures vanquished.

Notes
Turn   | Place    | Note
-------+----------+-------------------------------------------
     0 | D:1      | Graphine the Troll Fighter began the quest for the Orb.
     0 | D:1      | Reached XP level 1. HP: 22/22 MP: 0/0
   266 | D:1      | Reached XP level 2. HP: 26/29 MP: 1/1
   656 | D:1      | Reached XP level 3. HP: 36/36 MP: 2/2
   957 | D:2      | Reached skill level 3 in Unarmed Combat
  1700 | D:3      | Reached XP level 4. HP: 33/45 MP: 3/3
  1989 | D:3      | Reached skill level 4 in Unarmed Combat
  1989 | D:3      | Reached XP level 5. HP: 52/53 MP: 4/4
  2060 | D:3      | Identified the +1 spear "Fiupomen" {drain, rPois}
  2364 | D:3      | Found a glowing silver altar of Zin.
  2364 | D:3      | Found an opulent altar of Gozag.
  2596 | D:3      | Became a worshipper of Gozag Ym Sagoz the Greedy
  2619 | D:4      | Found Nocaokho's Neck Hole.
  2647 | D:4      | Bought a scarf of shadows for 132 gold pieces
  2780 | D:4      | Found a staircase to the Ecumenical Temple.
  2805 | D:4      | Noticed a lemure
  2805 | D:4      | Noticed a lemure
  2805 | D:4      | Noticed a lemure
  2807 | D:4      | Noticed Pikel
  2807 | D:4      | Noticed a lemure
  2831 | D:4      | Killed Pikel
  2832 | D:4      | Reached skill level 6 in Unarmed Combat
  2832 | D:4      | Reached XP level 6. HP: 8/62 MP: 5/5
  2832 | D:4      | Reached XP level 7. HP: 9/70 MP: 6/6
  3217 | D:4      | Found a shimmering blue altar of Sif Muna.
  3616 | D:4      | Noticed Eustachio
  3620 | D:4      | Killed Eustachio
  3731 | D:5      | Entered Level 5 of the Dungeon
  3763 | D:5      | Reached skill level 5 in Shields
  3763 | D:5      | Reached XP level 8. HP: 54/79 MP: 7/7
  3798 | D:5      | Found a broken altar of Ashenzari.
  3840 | D:5      | Reached skill level 7 in Unarmed Combat
  3907 | D:5      | Found a shimmering altar of Xom.
  4172 | D:5      | Reached skill level 5 in Fighting
  4263 | D:4      | Bought a scarf of repulsion for 132 gold pieces
  4623 | D:6      | Reached skill level 8 in Unarmed Combat
  4724 | D:6      | HP: 2/80 [something] (7)]
  4915 | D:6      | Found a bloodstained altar of Trog.
  4948 | D:6      | Reached XP level 9. HP: 85/88 MP: 8/8
  4960 | D:6      | Reached skill level 9 in Unarmed Combat
  4963 | D:6      | Found a sparkling altar of Nemelex Xobeh.
  5178 | Abyss:1  | Cast into level 1 of the Abyss (wight)
  5217 | Abyss:1  | Noticed a wretched star
  5217 | Abyss:1  | Noticed a wretched star
  5226 | Abyss:1  | Killed a wretched star
  5227 | Abyss:1  | Reached skill level 10 in Unarmed Combat
  5230 | Abyss:1  | Killed from afar by a wretched star

Illustrated notes

Levels and vault maps discovered:
D:1:      psy_arrival_whirlpool, layout_basic, minmay_pentomino_z2
D:2:      kennysheep_the_goblin_king, layout_rooms, nrook_loot_triangle,
          dreamdust_princess_corridor, minmay_misc_feat_ornament
D:3:      layout_loops_ring, grunt_temple_overflow_gold_and_silver
D:4:      layout_cave_pods, kennysheep_orc_sif_temple,
          minmay_temple_entry_slanted, nicolae_shop_sticking_my_neck_out,
          uniq_pikel, uniq_eustachio
D:5:      layout_gridville, ashenzari_altar_1, old_standard_altar,
          minmay_misc_feat_hallway, wad_rectangle_vault
D:6:      layout_loops_corners, general_overflow_altar,
          mainiacjoe_overflow_boulevard, minmay_ruined_shrine
Abyss:1:  base: D:5, evilmike_abyss_exit_kraken

Skill      XL: |  1  2  3  4  5  6  7  8  9 |
---------------+----------------------------+-----
Shields        | 3 4 5 6 |  6.0
Unarmed Combat | 3 4 6 8 10 | 10.0
Fighting       | 3 4 5 6 |  6.2
Dodging        | |  2.4

Action                     |  1- 3 |  4- 6 |  7- 9 || total
---------------------------+-------+-------+-------++-------
  Melee: Unarmed           |    88 |    99 |   189 ||   376
  Throw: Stone             |     5 |       |     2 ||     7
    Use: Scroll            |     9 |       |     7 ||    16
         Potion            |       |     1 |     1 ||     2
 Armour: Robe              |    32 |    24 |    37 ||    93
  Dodge: Dodged            |    29 |    38 |    48 ||   115
         Repelled          |       |       |     1 ||     1
  Block: Kite shield       |    43 |    34 |    77 ||   154
